 Dungeon Crawl Stone Soup version 0.27-a0-732-ga892ba84f6 (webtiles) character file.

Game seed: 14409005686479995451

26 rageheart7 the Vexing (level 3, -3/36 HPs)
             Began as an Ogre Arcane Marksman on Mar 23, 2021.
             Slain by a worm (9 damage)
             ... on level 2 of the Dungeon.
             The game lasted 00:02:55 (1632 turns).

rageheart7 the Vexing (Ogre Arcane Marksman)        Turns: 1632, Time: 00:02:55

Health: -3/36      AC:  3    Str: 15    XL:     3   Next: 8%
Magic:  6/6        EV:  9    Int: 14    God:
Gold:   21         SH:  0    Dex:  9    Spells: 5/6 levels left

rFire    . . .     SeeInvis .   b - +0 club
rCold    . . .     Faith    .   (no shield)
rNeg     . . .     Spirit   .   a - +0 robe
rPois    .         Reflect  .   (helmet restricted)
rElec    .         Harm     .   (no cloak)
rCorr    .         Rampage  .   (gloves unavailable)
Will     .....                  (boots unavailable)
Stlth    +.........             (no amulet)
HPRegen  0.12/turn              (no ring)
MPRegen  0.10/turn              (no ring)

@: no status effects
A: large, unfitting armour, tough skin 1
a: no special abilities


You were on level 2 of the Dungeon.
You visited 1 branch of the dungeon, and saw 2 of its levels.

You collected 21 gold pieces.

Inventory:

Hand Weapons
 b - a +0 club (weapon)
Missiles
 c - 2 large rocks (quivered)
 d - 2 throwing nets
 g - 17 stones
Armour
 a - a +0 robe (worn)
Scrolls
 f - a scroll of amnesia {unknown}


   Skills:
 * Level 2.6 Fighting
 * Level 1.0 Maces & Flails
 - Level 2.0 Throwing
 - Level 1.7 Dodging
 * Level 2.2 Spellcasting
 - Level 2.6 Hexes


You had 5 spell levels left.
You knew the following spells:

 Your Spells              Type           Power      Damage    Failure   Level
a - Corona                Hex            10%        N/A       8%          1

Your spell library contained the following spells:

 Spells                   Type           Power      Damage    Failure   Level
 Slow                     Hex            9%         N/A       12%         2
 Inner Flame              Hex/Fire       5%         N/A       38%         3
 Portal Projectile        Hex/Tloc       10%        N/A       38%         3
 Cause Fear               Hex            4%         N/A       61%         4
 Leda's Liquefaction      Hex/Erth       2%         N/A       80%         4


Dungeon Overview and Level Annotations

Branches:
Dungeon (2/15)

Altars:


Innate Abilities, Weirdness & Mutations

You are too large for most types of armour.
You have tough skin. (AC +1)


Message History

Your +0 robe melds into your body.
Your roots penetrate the ground.
The kobold hits you but does no damage.
You hit the kobold but do no damage.
The kobold is heavily wounded.
The kobold hits you but does no damage.
You completely miss the kobold.
The kobold is heavily wounded.
The kobold hits you but does no damage.
You hit the kobold.
You kill the kobold!
You hit the goblin.
The goblin is severely wounded.
The goblin hits you but does no damage. x2
You hit the goblin.
You kill the goblin!
Your Maces & Flails skill increases to level 1!
You start resting.
Your transformation is almost over.
You start resting.
A worm comes into view.
Throw: 19 stones
Press: ? - help, Q - select action, (/) - cycle Shift-Dir - straight line, f - worm
Aim: a worm (wandering, hasn't noticed you, 76% to hit)
You throw a stone.
The stone hits the worm but does no damage.
You feel less wooden.
Your +0 robe unmelds from your body.
Throw: 18 stones
Press: ? - help, Q - select action, (/) - cycle Shift-Dir - straight line, f/p - worm
Aim: a worm (76% to hit)
You throw a stone. The stone hits the worm.
The worm is lightly wounded.
Unknown command.
Throw: 3 large rocks
Press: ? - help, Q - select action, (/) - cycle Shift-Dir - straight line, f/p - worm
Aim: a worm (lightly wounded, 76% to hit)
You throw a large rock. The large rock hits the worm.
The worm is moderately wounded.
The worm bites you!
You die...

.##.........#..
.............
.................#
..........##.....#.###
(.......†.##.........#.
.......((<............
.#.#...(####.....#..# .
........w............g
##...#.@####....#.#.#.#
#..###..).....(......?
#.. ####.....(......#
#. ###........#.. .
#....#....# #.##.###..#
... #... .... ....
..... .... ###.# #.....
...


You could see a worm.

Vanquished Creatures
  2 ball pythons (D:1)
  A bat (D:2)
  A giant cockroach (D:1)
  3 goblins
  3 hobgoblins (D:1)
  4 jackals (D:1)
  2 kobolds
  3 oozes
  A rat (D:1)
20 creatures vanquished.

Notes
Turn   | Place    | Note
-------+----------+-------------------------------------------
     0 | D:1      | rageheart7 the Ogre Arcane Marksman began the quest for the
                  | Orb.
     0 | D:1      | Reached XP level 1. HP: 19/19 MP: 2/2
   362 | D:1      | Reached XP level 2. HP: 28/28 MP: 4/4
  1588 | D:2      | Reached XP level 3. HP: 12/36 MP: 6/6
  1595 | D:2      | HP: 1/36 [kobold/+0 dagger (4)]
  1602 | D:2      | Reached skill level 1 in Maces & Flails
  1632 | D:2      | Slain by a worm

Illustrated notes

Levels and vault maps discovered:
D:1:      dpeg_arrival_rooms_a, layout_loops_cross, kennysheep_another_room
D:2:      layout_rooms, nicolae_overflow_hidden_temple, tso_metal_star,
          serial_shops, nicolae_shop_crystal, fedhas_ov_isle_minmay

Skill      XL: |  1  2  3 |
---------------+----------+-----
Fighting       | 2 |  2.6
Spellcasting   | 2 |  2.2
Maces & Flails | 1 |  1.0
Throwing       | |  2.0
Dodging        | |  1.7
Hexes          | |  2.6

Action                   || total
-------------------------++-------
Melee: Unarmed           ||    19
       Club              ||    60
Throw: Large rock        ||    11
       Stone             ||     2
  Use: Potion            ||     1
Armor: Robe              ||    35
       Skin              ||     5
Dodge: Dodged            ||    35

Table legend: (Time is in decaauts)
 A = Elapsed time spent in this place.
 B = Non-inter-level travel time spent in this place.
 C = Inter-level travel time spent in this place.
 D = Time resting spent in this place.
 E = Time spent auto-exploring this place.
 F = Levels seen in this place.
 G = Mean time per level.
                   A        B        C        D        E       F      G
               +--------+--------+--------+--------+--------+-----+--------+
         Total |   1657 |   1623 |     34 |    555 |    869 |   2 |  828.5 |
       Dungeon |   1657 |   1623 |     34 |    555 |    869 |   2 |  828.5 |
               +--------+--------+--------+--------+--------+-----+--------+

Top non-repeatable levels by time:
     D:1: 1569 daAuts
     D:2: 88 daAuts
